 Dungeon Crawl Stone Soup version 0.20-a0-1016-g241539b (webtiles) character file.

210 CowPatty the Skirmisher (level 5, -1/62 HPs)
             Began as an Ogre Berserker on Apr 15, 2017.
             Was a Believer of Trog.
             Slain by a goblin
             ... wielding a +0 club
             ... led by Robin
              (6 damage)
             ... on level 2 of the Dungeon.
             The game lasted 00:01:40 (1660 turns).

CowPatty the Skirmisher (Ogre Berserker)            Turns: 1660, Time: 00:01:41

Health: -1/62      AC:  3    Str: 22    XL:     5   Next: 87%
Magic:  5/5        EV: 10    Int:  8    God:    Trog [**....]
Gold:   13         SH:  0    Dex:  8    Spells: 4/4 levels left

rFire    . . .     SeeInvis .   a - +0 mace
rCold    . . .     Gourm    .   (no shield)
rNeg     . . .     Faith    .   b - +0 animal skin
rPois    .         Spirit   .   (helmet restricted)
rElec    .         Reflect  .   (no cloak)
rCorr    .         Harm     .   (gloves unavailable)
MR       .....                  (boots unavailable)
Stlth    +.........             (no amulet)
Regen    0.2/turn               (no ring)
MPRegen  0.1/turn               (no ring)

@: exhausted, slowed, very slow
A: unfitting armour, tough skin 1
a: Berserk, Trog's Hand, Burn Spellbooks, Renounce Religion


You were on level 2 of the Dungeon.
You worshipped Trog.
Trog was pleased with you.
You were hungry.

You visited 1 branch of the dungeon, and saw 2 of its levels.

You collected 13 gold pieces.

Inventory:

Hand Weapons
 a - a +0 mace (weapon)
Missiles
 e - 2 large rocks (quivered)
Armour
 b - a +0 animal skin (worn)
Scrolls
 d - 5 scrolls of identify {unknown}
 g - a scroll of remove curse {unknown}
 i - a scroll of teleportation {unknown}
 j - 2 scrolls of blinking {unknown}
Potions
 h - 2 potions of agility {unknown}
 m - a potion of haste {unknown}
Comestibles
 c - 2 bread rations
 k - a meat ration


   Skills:
 * Level 7.3 Fighting
 + Level 3.8 Maces & Flails
 - Level 2.6 Dodging


You had 4 spell levels left.
You didn't know any spells.

Dungeon Overview and Level Annotations

Branches:
Dungeon (2/15)

Altars:


Innate Abilities, Weirdness & Mutations

You are too large for most types of armour.
You have tough skin. (AC +1)


Message History

The goblin barely misses you. The goblin hits you but does no damage.
The goblin barely misses you. The goblin hits you.
* * * LOW HITPOINT WARNING * * *
You sock the goblin!
You kill the goblin!
Trog accepts your kill.
You are no longer berserk.
You are exhausted.
You feel yourself slow down. The goblin hits you.
* * * LOW HITPOINT WARNING * * *
The goblin hits you with a club.
* * * LOW HITPOINT WARNING * * *
You hit the goblin.
You kill the goblin!
Trog accepts your kill.
The goblin no longer looks unusually strong.
The goblin hits you.
* * * LOW HITPOINT WARNING * * *
The goblin hits you with a club.
You die...

##################
.!.#.............
####.#.###.##...#
#/..............#
#.##.#.###......# #
#. #.#.# #......#
#.#.##.#.# ####..##
#...g†g#.# #..#
#...)@##.######..#
#......)#.........#
#........######...##
#........# ##..†..##
##.....#.#
##.....%.##
##......#
#.........###
##......
+.........+.
##[...###.....?...#.
##.......##.#


You could see 2 goblins.

Vanquished Creatures
  Sigmund (D:2)
  Robin (D:2)
  A worm (D:2)
  A dart slug (D:1)
  A leopard gecko (D:1)
  A ball python (D:1)
  4 bats (D:1)
  A giant cockroach (D:1)
  10 goblins
  8 hobgoblins
  2 frilled lizards (D:1)
  3 kobolds (D:1)
  3 rats (D:1)
37 creatures vanquished.

Notes
Turn   | Place    | Note
-------+----------+-------------------------------------------
     0 | D:1      | CowPatty the Ogre Berserker began the quest for the Orb.
     0 | D:1      | Reached XP level 1. HP: 24/24 MP: 1/1
   116 | D:1      | Reached XP level 2. HP: 29/33 MP: 2/2
   435 | D:1      | Reached skill level 5 in Fighting
  1089 | D:1      | Reached XP level 3. HP: 39/42 MP: 3/3
  1237 | D:1      | Reached ** piety under Trog
  1323 | D:2      | Noticed Sigmund
  1397 | D:2      | Killed Sigmund
  1397 | D:2      | Reached skill level 7 in Fighting
  1397 | D:2      | Reached XP level 4. HP: 51/55 MP: 4/4
  1397 | D:2      | Reached XP level 5. HP: 58/62 MP: 5/5
  1641 | D:2      | Noticed Robin
  1658 | D:2      | Killed Robin
  1660 | D:2      | Slain by a goblin

Vault maps used:
D:1:      roderic_crossed_star
D:2:      minmay_wonky_spiral, kennysheep_generic_room_14, uniq_sigmund,
          uniq_crazy_yiuf_cottage, uniq_robin

Skill      XL: |  1  2  3 |
---------------+----------+-----
Fighting       | 5 7 |  7.3
Maces & Flails | 3 |  3.8
Dodging        | |  2.6

Action                   |  1- 3 |  4- 6 || total
-------------------------+-------+-------++-------
Melee: Mace              |    83 |    19 ||   102
Invok: Berserk           |     2 |     1 ||     3
  Eat: Chunk             |     3 |       ||     3
       Royal jelly       |       |     1 ||     1
Armor: Animal skin       |    30 |     5 ||    35
Dodge: Dodged            |    57 |    28 ||    85
